 Dungeon Crawl Stone Soup version 0.21-a0-51-gea492e9 (webtiles) character file.

204 grindst0ne the Skirmisher (level 5, -8/44 HPs)
             Began as a Demonspawn Chaos Knight on June 12, 2017.
             Killed by divine providence
             ... invoked by an orc priest
              (12 damage)
             ... on level 3 of the Dungeon.
             The game lasted 00:05:23 (2655 turns).

grindst0ne the Skirmisher (Demonspawn Chaos Knight) Turns: 2655, Time: 00:05:23

Health: -8/44      AC:  4    Str: 14    XL:     5   Next: 52%
Magic:  5/5        EV:  6    Int: 14    God:    Xom [......]
Gold:   174        SH:  0    Dex: 13    Spells: 4/4 levels left

rFire    . . .     SeeInvis .   a - +1 hand axe (chaos)
rCold    . . .     Gourm    .   (no shield)
rNeg     . . .     Faith    .   k - +0 chain mail
rPois    .         Spirit   .   (no helmet)
rElec    .         Reflect  .   (no cloak)
rCorr    .         Harm     .   (no gloves)
MR       +....                  (no boots)
Stlth    ..........             (no amulet)
Regen    0.2/turn               i - ring of protection from magic
MPRegen  0.1/turn               m - ring of loudness (curse)

@: no status effects
A: hooves 2, deformed body, demonic guardian 1, strong 1
a: Renounce Religion


You were on level 3 of the Dungeon.
You worshipped Xom.
You were a very special plaything of Xom.
You were not hungry.

You visited 1 branch of the dungeon, and saw 3 of its levels.

You collected 174 gold pieces.

Inventory:

Hand Weapons
 a - a +1 hand axe of chaos (weapon)
Missiles
 j - 4 tomahawks of returning (quivered)
Armour
 b - a +2 leather armour
 g - a +0 plate armour
 k - a +0 chain mail (worn)
Jewellery
 i - a ring of protection from magic (left hand)
 m - a cursed ring of loudness (right hand)
Wands
 f - a wand of clouds (5/9)
Scrolls
 d - 2 scrolls of immolation {unknown}
 h - 4 scrolls of teleportation
 n - a scroll of amnesia {unknown}
 p - a scroll of fog {unknown}
 s - a scroll of remove curse {unknown}
 u - 2 scrolls of recharging {unknown}
 v - a scroll of enchant armour {unknown}
Potions
 e - a potion of flight
 l - a potion of resistance
 q - a potion of magic {unknown}
 r - 3 potions of curing
 t - 2 potions of ambrosia {unknown}
Comestibles
 c - 2 bread rations
 o - 5 chunks of flesh


   Skills:
 + Level 5.1 Fighting
 + Level 4.2 Axes
 - Level 1.9 Armour
 - Level 0.8 Dodging


You had 4 spell levels left.
You didn't know any spells.

Dungeon Overview and Level Annotations

Branches:
Dungeon (3/15)

Altars:
Ru


Innate Abilities, Weirdness & Mutations

You have hoof-like feet.
A weak demonic guardian rushes to your aid.
Armour fits poorly on your strangely shaped body.
Your muscles are strong. (Str +2)


Message History

The orc priest hits you with a hand axe.
The orc priest calls upon Beogh to heal the orc priest.
The orc priest is healed somewhat.
You hit the orc priest. You burn the orc priest.
The orc priest is almost dead.
The orc priest hits you with a hand axe.
The orc priest closely misses you.
You hit the orc priest. Your kick misses the orc priest.
The orc priest is almost dead.
The orc priest blinks!
Your white imp disappears in a puff of smoke!
The orc priest invokes the aid of Beogh against you.
Beogh smites you!
* * * LOW HITPOINT WARNING * * *
The orc priest calls upon Beogh to heal the orc priest.
The orc priest is healed somewhat.
The orc priest calls down the wrath of Beogh upon you.
Beogh smites you!
You die...
Xom roars with laughter!

######### #.......# ####### #####
######.......# #.....# #....
.............# #.....# ##.###
#####.........####.....#####...##
......)....(.55)@o.).o...........
#####.........####.....#####...##
#.......### #.....# #...#
.........#.# #.....#####...#
...o......#.# ###.......##.##
.###.####.#... #####.......##.#
... #.#... #.......(...##.# ....
#.#...##...........##.### ....
#......#.....#######.....


You could see 2 orc priests, a friendly white imp and a friendly ufetubus.

Vanquished Creatures
  An iron imp (D:3)
  4 gnolls (D:3)
  5 adders
  An ooze (D:1)
  3 worms
  2 dart slugs
  9 orcs (D:3)
  7 bats
  4 giant cockroaches
  3 goblins
  A goblin (shapeshifter) (D:1)
  12 hobgoblins
  A jackal (D:3)
  7 kobolds
  A quokka (D:3)
  2 ball pythons (D:1)
  A frilled lizard (D:3)
  7 rats
71 creatures vanquished.

Vanquished Creatures (collateral kills)
  An orc (D:3)
1 creature vanquished.

Grand Total: 72 creatures vanquished

Notes
Turn   | Place    | Note
-------+----------+-------------------------------------------
     0 | D:1      | grindst0ne the Demonspawn Chaos Knight began the quest for the Orb.
     0 | D:1      | Reached XP level 1. HP: 18/18 MP: 1/1
   137 | D:1      | Gained mutation: You have large cloven feet. [demonic ancestry]
   137 | D:1      | Reached XP level 2. HP: 19/24 MP: 2/2
   156 | D:1      | XOM: harmless Air miscast
   517 | D:1      | XOM: silly message
   584 | D:1      | XOM: medium Hex miscast
   777 | D:2      | Gained mutation: You have hoof-like feet. [demonic ancestry]
   777 | D:2      | Reached XP level 3. HP: 26/29 MP: 3/3
  1328 | D:2      | XOM: medium Tloc miscast
  1399 | D:2      | XOM: cloud trail
  1408 | D:2      | Reached skill level 4 in Fighting
  1497 | D:2      | XOM: mild Ice miscast
  1765 | D:3      | Reached XP level 4. HP: 33/37 MP: 4/4
  1789 | D:3      | XOM: harmless Air miscast
  1798 | D:3      | XOM: harmless Conj miscast
  2098 | D:3      | XOM: harmless Summ miscast
  2157 | D:3      | XOM: 1-stop teleportation journey
  2229 | D:3      | Found a sacrificial altar of Ru.
  2309 | D:3      | Noticed Grinder
  2318 | D:3      | Gained mutation: A weak demonic guardian rushes to your aid. [demonic ancestry]
  2318 | D:3      | Reached XP level 5. HP: 37/43 MP: 5/5
  2323 | D:3      | Noticed Grinder
  2323 | D:3      | Grinder changed into Grinder the iron imp
  2324 | D:3      | Killed Grinder the iron imp
  2402 | D:3      | Gained mutation: Armour fits poorly on your strangely shaped body. [potion of mutation]
  2402 | D:3      | Gained mutation: Your muscles are strong. (Str +2) [potion of mutation]
  2492 | D:3      | XOM: smoke on damage
  2510 | D:3      | Reached skill level 5 in Fighting
  2655 | D:3      | Killed from afar by an orc priest

Vault maps used:
D:1:      dpeg_arrival_yet_another_circle, minmay_cut_off
D:3:      first_bread, serial_bayou_pond_b, nicolae_ru_great_annihilating_truth,
          uniq_grinder, uniq_ijyb

Skill      XL: |  1  2  3  4  5 |
---------------+----------------+-----
Axes           | 3 4 |  4.2
Fighting       | 4 5 |  5.1
Armour         | |  1.9
Dodging        | |  0.8

Action                   |  1- 3 |  4- 6 || total
-------------------------+-------+-------++-------
Melee: Hand axe          |   104 |   114 ||   218
       Kick              |    19 |    30 ||    49
  Use: Scroll            |     4 |     2 ||     6
       Potion            |     1 |     2 ||     3
 Stab: Paralysed         |     2 |     3 ||     5
  Eat: Chunk             |     2 |     4 ||     6
Armor: Leather armour    |    21 |       ||    21
       Chain mail        |    52 |    43 ||    95
Dodge: Dodged            |    43 |    32 ||    75
